Devils vs Flyers
(R1)
Created - April 22, 2020 at 19:03
Goals
|
| Devils |
0 |
1 |
2 |
1 |
4 |
| Flyers |
2 |
1 |
0 |
0 |
3 |
|
Shots
|
| Devils |
9 |
9 |
10 |
1 |
29 |
| Flyers |
10 |
11 |
13 |
0 |
34 |
|
1st period
1. Flyers , Oliver Ekman-Larsson 9 (Jakub Voracek 39, Jeff Carter 53) at 1:40 (PP)
2. Flyers , Jakub Voracek 29 (Oliver Ekman-Larsson 23, Jeff Carter 54) at 5:14
Penalties :
Marian Hossa (NJD) for Hooking (Minor) at 0:27, Matt Smaby (Phi) for Holding (Minor) at 14:02
2nd period
3. Devils , Marian Hossa 8 (Brady Skjei 24, Rostislav Olesz 13) at 2:08
4. Flyers , Chris Mcallister 17 (Marcus Kruger 25) at 10:03
Penalties :
Matthew Lombardi (Phi) for Goalie Interference (Minor) at 3:33, Tomas Kubalik (Phi) for Interference (Minor) at 7:49
3rd period
5. Devils , Riley Sheahan 11 (Travis Hamonic 28, Marian Hossa 11) at 0:32
6. Devils , Rostislav Olesz 15 (Travis Hamonic 29, Marian Hossa 12) at 17:05
Penalties :
Brent Seabrook (NJD) for Roughing (Minor) at 10:20, Kevin Porter (NJD) for Interference (Minor) at 18:23
Overtime #1
7. Devils , Tyler Seguin 29 (Riley Sheahan 24) at 0:44
Penalties :
No Penalty
Goalie Stats
Keith Kinkaid (NJD), 31 saves from 34 shots - (0.912), W, 13-16-0, 60:44 minutes
Steve Mason (Phi), 25 saves from 29 shots - (0.862), OTL, 34-19-7, 60:44 minutes
Players Stats for Devils
Player Name G A P +/- PIM S H SB GA TA FO MP PP MP PK MP
------------------------------------------------------------------------------------
Anthony Stewart 0 0 0 -1 0 0 0 0 0 0 0/0 6:31 0:00 0:00
Brady Skjei 0 1 1 1 0 1 1 0 1 1 0/0 18:23 3:15 0:25
Brenden Morrow 0 0 0 0 0 0 0 0 0 1 1/1 4:37 0:15 3:26
Brent Seabrook 0 0 0 2 2 2 0 1 1 0 0/0 24:02 2:42 0:43
Carl Gunnarsson 0 0 0 -1 0 0 0 1 0 0 0/0 12:52 0:00 0:41
Johnny Gaudreau 0 0 0 0 0 4 1 1 1 0 0/0 23:29 3:23 1:01
Jordan Caron 0 0 0 0 0 0 1 0 0 0 0/0 14:26 2:34 0:00
Kellan Lain 0 0 0 0 0 4 2 0 2 0 0/0 15:53 2:34 0:37
Kevin Porter 0 0 0 0 2 0 0 1 0 1 3/7 13:03 0:00 0:39
Marian Hossa 1 2 3 2 2 1 0 0 0 0 1/1 12:29 0:00 0:00
Riley Sheahan 1 1 2 3 0 3 0 0 0 0 10/18 18:37 2:19 3:08
Rostislav Olesz 1 1 2 1 0 2 2 0 0 1 0/0 17:22 0:00 0:00
Steve Montador 0 0 0 0 0 1 1 0 1 0 0/0 19:05 2:42 3:33
Tobias Enstrom 0 0 0 1 0 2 1 1 1 0 0/0 17:29 0:00 2:01
Travis Hamonic 0 2 2 1 0 1 1 1 1 1 0/0 27:57 3:15 2:59
Tyler Bozak 0 0 0 -1 0 0 0 0 0 0 1/2 6:31 0:00 0:00
Tyler Seguin 1 0 1 1 0 3 1 0 0 0 11/21 23:12 3:23 1:08
Viktor Arvidsson 0 0 0 0 0 5 0 1 0 1 0/1 21:44 3:23 0:00
Players Stats for Flyers
Player Name G A P +/- PIM S H SB GA TA FO MP PP MP PK MP
------------------------------------------------------------------------------------
Brian Lashoff 0 0 0 1 0 0 1 1 0 1 0/0 13:34 0:00 0:00
Brock Nelson 0 0 0 -1 0 0 1 0 0 0 0/0 8:53 0:00 0:00
Chris Mcallister 1 0 1 1 0 3 1 0 0 0 0/0 11:28 0:00 0:00
Drew Miller 0 0 0 0 0 4 1 1 1 1 2/2 18:29 3:04 1:32
J.T. Miller 0 0 0 -1 0 4 1 0 1 0 0/0 18:03 1:44 1:22
Jakub Voracek 1 1 2 0 0 4 0 0 2 0 0/0 18:29 3:04 1:32
Jeff Carter 0 2 2 -1 0 3 2 0 0 1 11/31 20:48 3:04 3:03
Jeff Woywitka 0 0 0 -1 0 0 0 1 1 0 0/0 20:39 1:29 3:11
Jonathan Ericsson 0 0 0 -1 0 0 1 0 0 0 0/0 20:39 1:29 3:11
Jordan Nolan 0 0 0 -2 0 2 3 0 0 0 4/6 20:19 1:44 3:03
Marcus Kruger 0 1 1 1 0 0 0 1 0 0 6/8 11:49 0:00 0:21
Mats Zuccarello 0 0 0 1 0 6 0 0 0 0 0/1 11:28 0:00 0:00
Matt Smaby 0 0 0 -2 2 1 1 1 0 1 0/0 25:39 3:19 1:55
Matthew Lombardi 0 0 0 -1 2 1 0 0 0 1 1/3 10:07 0:00 1:01
Nathan Beaulieu 0 0 0 1 0 3 1 1 0 1 0/0 14:28 0:00 0:51
Oliver Ekman-Larsson 1 1 2 -2 0 2 3 2 1 2 0/0 26:31 3:19 2:46
Ryan Callahan 0 0 0 -1 0 0 0 2 0 0 0/0 16:28 1:44 0:00
Tomas Kubalik 0 0 0 -1 2 1 0 1 0 0 0/0 9:05 0:00 0:00
3 Stars
1 - Riley Sheahan (NJD)
2 - Marian Hossa (NJD)
3 - Rostislav Olesz (NJD)
Power Play
Devils - 0 on 3 Attempt(s) - 0.00%
Flyers - 1 on 3 Attempt(s) - 33.33%
Penalty Kill
Devils - 2 on 3 Attempt(s) - 66.67%
- Score 0 goal in Penalty Kill
Flyers - 3 on 3 Attempt(s) - 100.00%
- Score 0 goal in Penalty Kill
Team Stat
Devils - Hits : 11 - Faceoff Wins : 27 - Blocked Shots : 7 - Penalty Minutes : 6
Flyers - Hits : 16 - Faceoff Wins : 24 - Blocked Shots : 11 - Penalty Minutes : 6
Official
Referees : Unknown
Linesman : Unknown
Game Notes
No Game Note
Finance
Level 1 -- Attendance: 5958 (99.30%) -- Ticket Income $625,590
Level 2 -- Attendance: 3736 (74.72%) -- Ticket Income $261,520
Level 3 -- Attendance: 1530 (76.50%) -- Ticket Income $68,850
Level 4 -- Attendance: 3130 (78.25%) -- Ticket Income $93,900
Luxury Box -- Attendance: 1000 (100.00%) -- Ticket Income $180,000
Game was played at the Wells Fargo Center.
Total Attendance: 15354 (85.30%)
Total Ticket Income: $1,229,860
Other Income: $184,479
Total Income: $1,414,339
Devils
5 vs 5 Forward
Center Left Wing Right Wing Time % Phy DF OF
1 Tyler Seguin Johnny Gaudreau Viktor Arvidsson 40 0 2 3
2 Riley Sheahan Rostislav Olesz Marian Hossa 30 1 2 2
3 Kevin Porter Kellan Lain Jordan Caron 20 1 2 2
4 Tyler Bozak Rostislav Olesz Anthony Stewart 10 1 2 2
5 vs 5 Defense
Defense Defense Time % Phy DF OF
1 Travis Hamonic Brent Seabrook 40 1 2 2
2 Brady Skjei Tobias Enstrom 30 1 2 2
3 Steve Montador Carl Gunnarsson 20 1 2 2
4 Travis Hamonic Tobias Enstrom 10 1 2 2
PowerPlay Forward
Center Left Wing Right Wing Time % Phy DF OF
1 Tyler Seguin Johnny Gaudreau Viktor Arvidsson 60 1 2 2
2 Riley Sheahan Kellan Lain Jordan Caron 40 1 2 2
PowerPlay Defense
Defense Defense Time % Phy DF OF
1 Travis Hamonic Brady Skjei 60 1 2 2
2 Brent Seabrook Steve Montador 40 1 2 2
Penalty Kill 4 Players Forward
Center Wing Time % Phy DF OF
1 Riley Sheahan Brenden Morrow 60 1 2 2
2 Kevin Porter Kellan Lain 40 1 2 2
Penalty Kill 4 Players Defense
Defense Defense Time % Phy DF OF
1 Steve Montador Travis Hamonic 60 1 2 2
2 Tobias Enstrom Brent Seabrook 40 1 2 2
Penalty Kill - 3 Players Forward
Forward Time % Phy DF OF
1 Brenden Morrow 60 1 2 2
2 Kevin Porter 40 1 2 2
Penalty Kill - 3 Players Defense
Defense Defense Time % Phy DF OF
1 Tobias Enstrom Steve Montador 60 1 2 2
2 Carl Gunnarsson Travis Hamonic 40 1 2 2
4 vs 4 Forward
Center Wing Time % Phy DF OF
1 Tyler Seguin Brenden Morrow 60 1 2 2
2 Riley Sheahan Viktor Arvidsson 40 1 2 2
4 vs 4 Defense
Defense Defense Time % Phy DF OF
1 Travis Hamonic Steve Montador 60 1 2 2
2 Tobias Enstrom Brady Skjei 40 1 2 2
Last Minutes Offensive
Center Left Wing Right Wing Defense Defense
Tyler Seguin Johnny Gaudreau Viktor Arvidsson Travis Hamonic Brady Skjei
Last Minutes Defensive
Center Left Wing Right Wing Defense Defense
Riley Sheahan Brenden Morrow Marian Hossa Travis Hamonic Steve Montador
Goaltenders
Starting : Keith Kinkaid
Backup : Antti Niemi
Extra Forwards
Normal : Riley Sheahan, Rostislav Olesz, Kevin Porter - PP : Brenden Morrow, Rostislav Olesz - PK : Kevin Porter
Extra Defensemen
Normal : Brady Skjei, Carl Gunnarsson, Brent Seabrook - PP : Brady Skjei - PK : Carl Gunnarsson, Tobias Enstrom
Penalty Shots
Tyler Seguin, Viktor Arvidsson, Johnny Gaudreau, Riley Sheahan, Marian Hossa
Scratches
Brandon Burlon (Healthy)
Flyers
5 vs 5 Forward
Center Left Wing Right Wing Time % Phy DF OF
1 Jeff Carter Drew Miller Jakub Voracek 40 1 2 2
2 Jordan Nolan J.T. Miller Ryan Callahan 30 1 2 2
3 Marcus Kruger Chris Mcallister Mats Zuccarello 20 1 2 2
4 Matthew Lombardi Brock Nelson Tomas Kubalik 10 1 2 2
5 vs 5 Defense
Defense Defense Time % Phy DF OF
1 Oliver Ekman-Larsson Matt Smaby 40 1 2 2
2 Jonathan Ericsson Jeff Woywitka 30 1 2 2
3 Brian Lashoff Nathan Beaulieu 20 1 2 2
4 Oliver Ekman-Larsson Matt Smaby 10 1 2 2
PowerPlay Forward
Center Left Wing Right Wing Time % Phy DF OF
1 Jeff Carter Drew Miller Jakub Voracek 60 1 2 2
2 Jordan Nolan J.T. Miller Ryan Callahan 40 1 2 2
PowerPlay Defense
Defense Defense Time % Phy DF OF
1 Oliver Ekman-Larsson Matt Smaby 60 1 2 2
2 Jonathan Ericsson Jeff Woywitka 40 1 2 2
Penalty Kill 4 Players Forward
Center Wing Time % Phy DF OF
1 Jeff Carter Jordan Nolan 60 1 2 2
2 Jakub Voracek Drew Miller 40 1 2 2
Penalty Kill 4 Players Defense
Defense Defense Time % Phy DF OF
1 Oliver Ekman-Larsson Matt Smaby 60 1 2 2
2 Jonathan Ericsson Jeff Woywitka 40 1 2 2
Penalty Kill - 3 Players Forward
Forward Time % Phy DF OF
1 Jeff Carter 60 1 2 2
2 Jordan Nolan 40 1 2 2
Penalty Kill - 3 Players Defense
Defense Defense Time % Phy DF OF
1 Oliver Ekman-Larsson Matt Smaby 60 1 2 2
2 Jonathan Ericsson Jeff Woywitka 40 1 2 2
4 vs 4 Forward
Center Wing Time % Phy DF OF
1 Jeff Carter Jordan Nolan 60 1 2 2
2 Jakub Voracek Drew Miller 40 1 2 2
4 vs 4 Defense
Defense Defense Time % Phy DF OF
1 Oliver Ekman-Larsson Matt Smaby 60 1 2 2
2 Jonathan Ericsson Jeff Woywitka 40 1 2 2
Last Minutes Offensive
Center Left Wing Right Wing Defense Defense
Jeff Carter Drew Miller Jakub Voracek Oliver Ekman-Larsson Matt Smaby
Last Minutes Defensive
Center Left Wing Right Wing Defense Defense
Jeff Carter Drew Miller Jakub Voracek Oliver Ekman-Larsson Matt Smaby
Goaltenders
Starting : Steve Mason
Backup : Cam Ward
Extra Forwards
Normal : Chris Mcallister, Marcus Kruger, Matthew Lombardi - PP : Chris Mcallister, Marcus Kruger - PK : Matthew Lombardi
Extra Defensemen
Normal : Brian Lashoff, Nathan Beaulieu, Jonathan Ericsson - PP : Brian Lashoff - PK : Nathan Beaulieu, Jonathan Ericsson
Penalty Shots
Jeff Carter, Jordan Nolan, Jakub Voracek, Drew Miller, J.T. Miller
Scratches
None
% Time on Ice - Devils
Lines # - Real PCT - Wanted PCT - Time Play
Normal Forward
1 - 37% - 40% - 18:22
2 - 26% - 30% - 12:37
3 - 24% - 20% - 11:45
4 - 13% - 10% - 6:31
Normal Defense
1 - 41% - 40% - 20:14
2 - 30% - 30% - 14:54
3 - 25% - 20% - 12:11
4 - 4% - 10% - 1:56
PP Forward
1 - 57% - 60% - 3:23
2 - 43% - 40% - 2:34
PP Defense
1 - 55% - 60% - 3:15
2 - 45% - 40% - 2:42
PK Forward
1 - 87% - 60% - 4:11
2 - 13% - 40% - 0:37
PK Defense
1 - 62% - 60% - 2:59
2 - 38% - 40% - 1:49
PK3 Forward
1 - 100% - 60% - 0:23
2 - 0% - 40% - 0:00
PK3 Defense
1 - 100% - 60% - 0:23
2 - 0% - 40% - 0:00
44 Forward
1 - 100% - 60% - 0:21
2 - 0% - 40% - 0:00
44 Defense
1 - 100% - 60% - 0:21
2 - 0% - 40% - 0:00
Last Minute Offensive - 0:00
Last Minute Defensive - 0:00
Total
Forward - 60:44
Defense - 60:44
|
% Time on Ice - Flyers
Lines # - Real PCT - Wanted PCT - Time Play
Normal Forward
1 - 29% - 40% - 14:10
2 - 30% - 30% - 14:44
3 - 23% - 20% - 11:28
4 - 18% - 10% - 8:53
Normal Defense
1 - 37% - 40% - 18:07
2 - 32% - 30% - 15:59
3 - 28% - 20% - 13:34
4 - 3% - 10% - 1:35
PP Forward
1 - 64% - 60% - 3:04
2 - 36% - 40% - 1:44
PP Defense
1 - 69% - 60% - 3:19
2 - 31% - 40% - 1:29
PK Forward
1 - 74% - 60% - 4:25
2 - 26% - 40% - 1:32
PK Defense
1 - 46% - 60% - 2:46
2 - 54% - 40% - 3:11
PK3 Forward
1 - 0% - 60%
2 - 0% - 40%
PK3 Defense
1 - 0% - 60%
2 - 0% - 40%
44 Forward
1 - 100% - 60% - 0:44
2 - 0% - 40% - 0:00
44 Defense
1 - 100% - 60% - 0:44
2 - 0% - 40% - 0:00
Last Minute Offensive - 0:00
Last Minute Defensive - 0:00
Total
Forward - 60:44
Defense - 60:44
|
Play-by-Play
1st period
0:01 of 1st period - Jeff Carter wins face-off versus Tyler Seguin in neutral zone.
0:12 of 1st period - Slapshot by Jeff Carter.
0:12 of 1st period - Stopped by Keith Kinkaid without a rebound.
0:13 of 1st period - Riley Sheahan wins face-off versus Jordan Nolan in Devils zone.
0:27 of 1st period - Minor Penalty to Marian Hossa for Hooking.
0:28 of 1st period - Jeff Carter wins face-off versus Riley Sheahan in Devils zone.
0:34 of 1st period - Wrist shot by Drew Miller.
0:34 of 1st period - Stopped by Keith Kinkaid without a rebound.
0:35 of 1st period - Jeff Carter wins face-off versus Riley Sheahan in Devils zone.
1:10 of 1st period - Wrist shot by Drew Miller.
1:10 of 1st period - Shot Misses the Net.
1:12 of 1st period - Snap shot by Jeff Carter.
1:12 of 1st period - Shot Misses the Net.
1:14 of 1st period - Snap shot by Drew Miller.
1:14 of 1st period - Shot Misses the Net.
1:16 of 1st period - Wrist shot by Oliver Ekman-Larsson.
1:16 of 1st period - Shot Misses the Net.
1:18 of 1st period - Wrist shot by Matt Smaby.
1:18 of 1st period - Shot Misses the Net.
1:20 of 1st period - Slapshot by Matt Smaby.
1:20 of 1st period - Shot Misses the Net.
1:22 of 1st period - Snap shot by Drew Miller.
1:22 of 1st period - Shot Blocked by Travis Hamonic.
1:24 of 1st period - Slapshot by Matt Smaby.
1:24 of 1st period - Stopped by Keith Kinkaid with a rebound.
1:26 of 1st period - Snap shot by Oliver Ekman-Larsson.
1:26 of 1st period - Stopped by Keith Kinkaid with a rebound.
1:38 of 1st period - Slapshot by Jakub Voracek.
1:38 of 1st period - Stopped by Keith Kinkaid with a rebound.
1:40 of 1st period - Slapshot by Oliver Ekman-Larsson.
1:40 of 1st period - Goal by Oliver Ekman-Larsson - Devils : 0 - Flyers : 1.
1:41 of 1st period - Marcus Kruger wins face-off versus Tyler Seguin in neutral zone.
1:50 of 1st period - Snap shot by Johnny Gaudreau.
1:50 of 1st period - Stopped by Steve Mason without a rebound.
1:51 of 1st period - Marcus Kruger wins face-off versus Tyler Seguin in Flyers zone.
2:24 of 1st period - Wrist shot by Tyler Seguin.
2:24 of 1st period - Shot Misses the Net.
2:34 of 1st period - Wrist shot by Johnny Gaudreau.
2:34 of 1st period - Stopped by Steve Mason with a rebound.
2:36 of 1st period - Slapshot by Tobias Enstrom.
2:36 of 1st period - Stopped by Steve Mason without a rebound.
2:37 of 1st period - Jeff Carter wins face-off versus Riley Sheahan in Flyers zone.
4:14 of 1st period - Slapshot by Drew Miller.
4:14 of 1st period - Stopped by Keith Kinkaid without a rebound.
4:15 of 1st period - Jeff Carter wins face-off versus Kevin Porter in Devils zone.
4:37 of 1st period - Icing by Oliver Ekman-Larsson.
4:38 of 1st period - Jordan Nolan wins face-off versus Viktor Arvidsson in Flyers zone.
4:38 of 1st period - Jordan Nolan is hit by Steve Montador.
4:46 of 1st period - Snap shot by Tyler Seguin.
4:46 of 1st period - Shot Misses the Net.
4:48 of 1st period - Slapshot by Steve Montador.
4:48 of 1st period - Deflect By Matt Smaby.
4:48 of 1st period - Stopped by Steve Mason with a rebound.
4:50 of 1st period - Slapshot by Tyler Seguin.
4:50 of 1st period - Shot Blocked by Oliver Ekman-Larsson.
5:04 of 1st period - Rostislav Olesz is hit by Oliver Ekman-Larsson and loses puck.
5:14 of 1st period - Wrist shot by Jakub Voracek.
5:14 of 1st period - Goal by Jakub Voracek - Devils : 0 - Flyers : 2.
5:15 of 1st period - Marian Hossa wins face-off versus Jeff Carter in neutral zone.
5:20 of 1st period - Slapshot by Rostislav Olesz.
5:20 of 1st period - Stopped by Steve Mason without a rebound.
5:21 of 1st period - Riley Sheahan wins face-off versus Jeff Carter in Flyers zone.
5:58 of 1st period - Wrist shot by Jordan Nolan.
5:58 of 1st period - Shot Blocked by Viktor Arvidsson.
6:00 of 1st period - Slapshot by Oliver Ekman-Larsson.
6:00 of 1st period - Shot Misses the Net.
6:10 of 1st period - Wrist shot by Kellan Lain.
6:10 of 1st period - Stopped by Steve Mason with a rebound.
6:16 of 1st period - Wrist shot by Mats Zuccarello.
6:16 of 1st period - Stopped by Keith Kinkaid with a rebound.
7:15 of 1st period - Ryan Callahan is hit by Johnny Gaudreau and loses puck.
7:39 of 1st period - Wrist shot by Anthony Stewart.
7:39 of 1st period - Shot Misses the Net.
8:33 of 1st period - Viktor Arvidsson is hit by Jordan Nolan and loses puck.
8:54 of 1st period - Slapshot by Jeff Carter.
8:54 of 1st period - Shot Misses the Net.
9:18 of 1st period - Snap shot by Tomas Kubalik.
9:18 of 1st period - Stopped by Keith Kinkaid with a rebound.
9:38 of 1st period - Snap shot by Jordan Nolan.
9:38 of 1st period - Shot Misses the Net.
10:41 of 1st period - Marian Hossa is hit by Jordan Nolan and loses puck.
11:05 of 1st period - Tyler Seguin is hit by Jeff Carter and loses puck.
11:35 of 1st period - Kevin Porter is hit by Nathan Beaulieu and loses puck.
12:06 of 1st period - Icing by Jeff Woywitka.
12:07 of 1st period - Jordan Nolan wins face-off versus Tyler Seguin in Flyers zone.
12:16 of 1st period - Matt Smaby is hit by Tobias Enstrom and loses puck.
12:33 of 1st period - Oliver Ekman-Larsson is hit by Rostislav Olesz and loses puck.
13:18 of 1st period - Travis Hamonic is hit by Brock Nelson and loses puck.
13:57 of 1st period - Slapshot by Kevin Porter.
13:57 of 1st period - Shot Blocked by Jeff Woywitka.
13:59 of 1st period - Slapshot by Kellan Lain.
13:59 of 1st period - Stopped by Steve Mason without a rebound.
14:00 of 1st period - Jeff Carter wins face-off versus Tyler Seguin in Flyers zone.
14:02 of 1st period - Minor Penalty to Matt Smaby for Holding.
14:03 of 1st period - Jeff Carter wins face-off versus Tyler Seguin in Flyers zone.
14:13 of 1st period - Wrist shot by Tyler Seguin.
14:13 of 1st period - Stopped by Steve Mason without a rebound.
14:14 of 1st period - Tyler Seguin wins face-off versus Jeff Carter in Flyers zone.
14:25 of 1st period - Wrist shot by Johnny Gaudreau.
14:25 of 1st period - Stopped by Steve Mason without a rebound.
14:26 of 1st period - Tyler Seguin wins face-off versus Jeff Carter in Flyers zone.
16:02 of 1st period - Penalty to Matt Smaby is over, Matt Smaby is back on ice.
16:35 of 1st period - Kellan Lain is hit by Brian Lashoff and loses puck.
19:02 of 1st period - Jordan Caron is hit by Jonathan Ericsson and loses puck.
Goals for this period are 0 for Devils vs 2 for Flyers.
Shots for this period are 9 for Devils vs 10 for Flyers.
2nd period
0:01 of 2nd period - Tyler Seguin wins face-off versus Jeff Carter in neutral zone.
0:35 of 2nd period - Snap shot by J.T. Miller.
0:35 of 2nd period - Stopped by Keith Kinkaid with a rebound.
0:37 of 2nd period - Snap shot by Oliver Ekman-Larsson.
0:37 of 2nd period - Shot Blocked by Brent Seabrook.
0:51 of 2nd period - Slapshot by Mats Zuccarello.
0:51 of 2nd period - Stopped by Keith Kinkaid without a rebound.
0:52 of 2nd period - Kevin Porter wins face-off versus Jeff Carter in Devils zone.
1:03 of 2nd period - Wrist shot by Kellan Lain.
1:03 of 2nd period - Stopped by Steve Mason with a rebound.
1:05 of 2nd period - Slapshot by Kellan Lain.
1:05 of 2nd period - Stopped by Steve Mason with a rebound.
1:07 of 2nd period - Wrist shot by Kevin Porter.
1:07 of 2nd period - Shot Misses the Net.
1:28 of 2nd period - Icing by Tobias Enstrom.
1:29 of 2nd period - Marcus Kruger wins face-off versus Kevin Porter in Devils zone.
1:30 of 2nd period - Snap shot by Mats Zuccarello.
1:30 of 2nd period - Stopped by Keith Kinkaid without a rebound.
1:31 of 2nd period - Tyler Seguin wins face-off versus Jeff Carter in Devils zone.
1:38 of 2nd period - Snap shot by Travis Hamonic.
1:38 of 2nd period - Stopped by Steve Mason with a rebound.
2:08 of 2nd period - Snap shot by Marian Hossa.
2:08 of 2nd period - Goal by Marian Hossa - Devils : 1 - Flyers : 2.
2:09 of 2nd period - Jeff Carter wins face-off versus Tyler Seguin in neutral zone.
2:18 of 2nd period - Johnny Gaudreau is hit by Drew Miller.
2:36 of 2nd period - Snap shot by Mats Zuccarello.
2:36 of 2nd period - Stopped by Keith Kinkaid with a rebound.
3:33 of 2nd period - Minor Penalty to Matthew Lombardi for Goalie Interference.
3:34 of 2nd period - Tyler Seguin wins face-off versus Jeff Carter in Flyers zone.
5:33 of 2nd period - Penalty to Matthew Lombardi is over, Matthew Lombardi is back on ice.
7:29 of 2nd period - Rostislav Olesz is hit by Chris Mcallister.
7:49 of 2nd period - Minor Penalty to Tomas Kubalik for Interference.
7:50 of 2nd period - Jeff Carter wins face-off versus Tyler Seguin in Flyers zone.
8:36 of 2nd period - Steve Montador is hit by Jeff Carter and loses puck.
9:49 of 2nd period - Penalty to Tomas Kubalik is over, Tomas Kubalik is back on ice.
9:53 of 2nd period - Tomas Kubalik is hit by Rostislav Olesz.
9:59 of 2nd period - Wrist shot by Tomas Kubalik.
9:59 of 2nd period - Shot Misses the Net.
10:01 of 2nd period - Wrist shot by Matthew Lombardi.
10:01 of 2nd period - Stopped by Keith Kinkaid without a rebound.
10:02 of 2nd period - Marcus Kruger wins face-off versus Tyler Bozak in Devils zone.
10:03 of 2nd period - Backhand shot by Chris Mcallister.
10:03 of 2nd period - Goal by Chris Mcallister - Devils : 1 - Flyers : 3.
10:04 of 2nd period - Tyler Seguin wins face-off versus Jeff Carter in neutral zone.
10:11 of 2nd period - Wrist shot by Viktor Arvidsson.
10:11 of 2nd period - Shot Blocked by Drew Miller.
10:13 of 2nd period - Slapshot by Brent Seabrook.
10:13 of 2nd period - Stopped by Steve Mason without a rebound.
10:14 of 2nd period - Tyler Seguin wins face-off versus Jeff Carter in Flyers zone.
10:37 of 2nd period - Snap shot by Johnny Gaudreau.
10:37 of 2nd period - Shot Misses the Net.
10:41 of 2nd period - Snap shot by Viktor Arvidsson.
10:41 of 2nd period - Shot Misses the Net.
11:05 of 2nd period - Wrist shot by Viktor Arvidsson.
11:05 of 2nd period - Shot Misses the Net.
11:07 of 2nd period - Slapshot by Brent Seabrook.
11:07 of 2nd period - Deflect By Drew Miller.
11:07 of 2nd period - Stopped by Steve Mason without a rebound.
11:08 of 2nd period - Jordan Nolan wins face-off versus Riley Sheahan in Flyers zone.
12:21 of 2nd period - Slapshot by Nathan Beaulieu.
12:21 of 2nd period - Stopped by Keith Kinkaid with a rebound.
12:27 of 2nd period - Jordan Caron is hit by Jordan Nolan and loses puck.
12:44 of 2nd period - Wrist shot by Mats Zuccarello.
12:44 of 2nd period - Shot Misses the Net.
12:46 of 2nd period - Wrist shot by Mats Zuccarello.
12:46 of 2nd period - Stopped by Keith Kinkaid without a rebound.
12:47 of 2nd period - Tyler Seguin wins face-off versus Mats Zuccarello in Devils zone.
13:13 of 2nd period - Slapshot by Drew Miller.
13:13 of 2nd period - Shot Blocked by Kevin Porter.
13:48 of 2nd period - Matt Smaby is hit by Tyler Seguin.
14:09 of 2nd period - Backhand shot by Nathan Beaulieu.
14:09 of 2nd period - Deflect By Matthew Lombardi.
14:09 of 2nd period - Shot Blocked by Tobias Enstrom.
14:09 of 2nd period - Puck is out of play.
14:10 of 2nd period - Jeff Carter wins face-off versus Kevin Porter in Devils zone.
14:26 of 2nd period - Jakub Voracek is hit by Brady Skjei and loses puck.
14:41 of 2nd period - Snap shot by Jordan Nolan.
14:41 of 2nd period - Stopped by Keith Kinkaid without a rebound.
14:42 of 2nd period - Jordan Nolan wins face-off versus Tyler Seguin in Devils zone.
15:29 of 2nd period - Snap shot by Jordan Nolan.
15:29 of 2nd period - Shot Misses the Net.
15:31 of 2nd period - Slapshot by J.T. Miller.
15:31 of 2nd period - Stopped by Keith Kinkaid with a rebound.
15:33 of 2nd period - Backhand shot by Jordan Nolan.
15:33 of 2nd period - Shot Misses the Net.
15:47 of 2nd period - Snap shot by Jordan Nolan.
15:47 of 2nd period - Shot Misses the Net.
15:59 of 2nd period - Slapshot by Ryan Callahan.
15:59 of 2nd period - Shot Blocked by Johnny Gaudreau.
16:01 of 2nd period - Wrist shot by J.T. Miller.
16:01 of 2nd period - Stopped by Keith Kinkaid with a rebound.
17:58 of 2nd period - Snap shot by Viktor Arvidsson.
17:58 of 2nd period - Shot Misses the Net.
18:00 of 2nd period - Slapshot by Carl Gunnarsson.
18:00 of 2nd period - Shot Blocked by Ryan Callahan.
18:02 of 2nd period - Snap shot by Viktor Arvidsson.
18:02 of 2nd period - Shot Blocked by Brian Lashoff.
18:04 of 2nd period - Slapshot by Tyler Seguin.
18:04 of 2nd period - Shot Misses the Net.
18:06 of 2nd period - Slapshot by Carl Gunnarsson.
18:06 of 2nd period - Shot Misses the Net.
18:08 of 2nd period - Snap shot by Tyler Seguin.
18:08 of 2nd period - Stopped by Steve Mason with a rebound.
18:14 of 2nd period - Snap shot by Johnny Gaudreau.
18:14 of 2nd period - Shot Blocked by Ryan Callahan.
18:18 of 2nd period - Wrist shot by Viktor Arvidsson.
18:18 of 2nd period - Stopped by Steve Mason with a rebound.
19:00 of 2nd period - Snap shot by Viktor Arvidsson.
19:00 of 2nd period - Stopped by Steve Mason without a rebound.
19:01 of 2nd period - Riley Sheahan wins face-off versus Jeff Carter in Flyers zone.
19:04 of 2nd period - Snap shot by Riley Sheahan.
19:04 of 2nd period - Shot Misses the Net.
19:13 of 2nd period - Icing by Brady Skjei.
19:14 of 2nd period - Riley Sheahan wins face-off versus Jeff Carter in Devils zone.
19:29 of 2nd period - Snap shot by Drew Miller.
19:29 of 2nd period - Shot Misses the Net.
Goals for this period are 1 for Devils vs 1 for Flyers.
Shots for this period are 9 for Devils vs 11 for Flyers.
3rd period
0:01 of 3rd period - Riley Sheahan wins face-off versus Jeff Carter in neutral zone.
0:08 of 3rd period - Wrist shot by Jakub Voracek.
0:08 of 3rd period - Stopped by Keith Kinkaid without a rebound.
0:09 of 3rd period - Riley Sheahan wins face-off versus Jeff Carter in Devils zone.
0:30 of 3rd period - Snap shot by Travis Hamonic.
0:30 of 3rd period - Shot Blocked by Matt Smaby.
0:32 of 3rd period - Snap shot by Riley Sheahan.
0:32 of 3rd period - Goal by Riley Sheahan - Devils : 2 - Flyers : 3.
0:33 of 3rd period - Riley Sheahan wins face-off versus Jeff Carter in neutral zone.
0:40 of 3rd period - Drew Miller is hit by Travis Hamonic.
1:07 of 3rd period - Snap shot by Viktor Arvidsson.
1:07 of 3rd period - Stopped by Steve Mason with a rebound.
1:26 of 3rd period - Jordan Nolan is hit by Jordan Caron and loses puck.
2:06 of 3rd period - Off-side.
2:07 of 3rd period - Tyler Seguin wins face-off versus Jeff Carter in neutral zone.
2:56 of 3rd period - Off-side.
2:57 of 3rd period - Riley Sheahan wins face-off versus Jordan Nolan in neutral zone.
3:20 of 3rd period - Icing by Riley Sheahan.
3:21 of 3rd period - Drew Miller wins face-off versus Riley Sheahan in Devils zone.
3:52 of 3rd period - Snap shot by Johnny Gaudreau.
3:52 of 3rd period - Stopped by Steve Mason with a rebound.
4:12 of 3rd period - Matt Smaby is hit by Kellan Lain and loses puck.
6:14 of 3rd period - Snap shot by Mats Zuccarello.
6:14 of 3rd period - Shot Misses the Net.
6:16 of 3rd period - Wrist shot by Mats Zuccarello.
6:16 of 3rd period - Stopped by Keith Kinkaid without a rebound.
6:17 of 3rd period - Riley Sheahan wins face-off versus Jeff Carter in Devils zone.
6:20 of 3rd period - Wrist shot by Jakub Voracek.
6:20 of 3rd period - Stopped by Keith Kinkaid with a rebound.
6:22 of 3rd period - Wrist shot by Brian Lashoff.
6:22 of 3rd period - Shot Misses the Net.
6:24 of 3rd period - Slapshot by Nathan Beaulieu.
6:24 of 3rd period - Stopped by Keith Kinkaid with a rebound.
6:46 of 3rd period - Wrist shot by Mats Zuccarello.
6:46 of 3rd period - Deflect By Chris Mcallister.
6:46 of 3rd period - Stopped by Keith Kinkaid with a rebound.
7:17 of 3rd period - Icing by J.T. Miller.
7:18 of 3rd period - Matthew Lombardi wins face-off versus Tyler Seguin in Flyers zone.
8:18 of 3rd period - Snap shot by Drew Miller.
8:18 of 3rd period - Stopped by Keith Kinkaid with a rebound.
8:20 of 3rd period - Snap shot by Jeff Carter.
8:20 of 3rd period - Stopped by Keith Kinkaid with a rebound.
8:22 of 3rd period - Snap shot by Drew Miller.
8:22 of 3rd period - Stopped by Keith Kinkaid with a rebound.
8:24 of 3rd period - Slapshot by Jeff Carter.
8:24 of 3rd period - Stopped by Keith Kinkaid without a rebound.
8:25 of 3rd period - Marcus Kruger wins face-off versus Kevin Porter in Devils zone.
8:45 of 3rd period - Icing by Jeff Woywitka.
8:46 of 3rd period - Marcus Kruger wins face-off versus Riley Sheahan in Flyers zone.
8:51 of 3rd period - Snap shot by Riley Sheahan.
8:51 of 3rd period - Shot Misses the Net.
9:14 of 3rd period - Off-side.
9:15 of 3rd period - Jeff Carter wins face-off versus Riley Sheahan in neutral zone.
9:26 of 3rd period - Marian Hossa is hit by Matt Smaby and loses puck.
9:41 of 3rd period - Tyler Seguin is hit by Oliver Ekman-Larsson and loses puck.
10:20 of 3rd period - Minor Penalty to Brent Seabrook for Roughing.
10:21 of 3rd period - Riley Sheahan wins face-off versus Jeff Carter in Devils zone.
10:57 of 3rd period - Steve Montador is hit by J.T. Miller and loses puck.
11:20 of 3rd period - Tobias Enstrom is hit by Oliver Ekman-Larsson.
12:20 of 3rd period - Penalty to Brent Seabrook is over, Brent Seabrook is back on ice.
12:39 of 3rd period - Off-side.
12:40 of 3rd period - Kevin Porter wins face-off versus Matthew Lombardi in neutral zone.
12:43 of 3rd period - Nathan Beaulieu is hit by Kellan Lain and loses puck.
12:52 of 3rd period - Backhand shot by Kellan Lain.
12:52 of 3rd period - Shot Blocked by Tomas Kubalik.
12:54 of 3rd period - Slapshot by Kevin Porter.
12:54 of 3rd period - Shot Blocked by Nathan Beaulieu.
13:10 of 3rd period - Snap shot by Marcus Kruger.
13:10 of 3rd period - Shot Misses the Net.
13:12 of 3rd period - Slapshot by Chris Mcallister.
13:12 of 3rd period - Stopped by Keith Kinkaid with a rebound.
13:14 of 3rd period - Wrist shot by Nathan Beaulieu.
13:14 of 3rd period - Deflect By Tyler Seguin.
13:14 of 3rd period - Stopped by Keith Kinkaid with a rebound.
13:16 of 3rd period - Snap shot by Mats Zuccarello.
13:16 of 3rd period - Shot Blocked by Carl Gunnarsson.
14:11 of 3rd period - Off-side.
14:12 of 3rd period - Tyler Bozak wins face-off versus Matthew Lombardi in neutral zone.
14:17 of 3rd period - Wrist shot by Tomas Kubalik.
14:17 of 3rd period - Shot Misses the Net.
14:25 of 3rd period - Wrist shot by Rostislav Olesz.
14:25 of 3rd period - Shot Misses the Net.
14:56 of 3rd period - Wrist shot by Jordan Nolan.
14:56 of 3rd period - Stopped by Keith Kinkaid with a rebound.
15:04 of 3rd period - Snap shot by J.T. Miller.
15:04 of 3rd period - Stopped by Keith Kinkaid with a rebound.
16:25 of 3rd period - Slapshot by Riley Sheahan.
16:25 of 3rd period - Stopped by Steve Mason with a rebound.
16:33 of 3rd period - Wrist shot by Riley Sheahan.
16:33 of 3rd period - Stopped by Steve Mason with a rebound.
16:37 of 3rd period - Slapshot by Rostislav Olesz.
16:37 of 3rd period - Shot Misses the Net.
16:39 of 3rd period - Wrist shot by Marian Hossa.
16:39 of 3rd period - Shot Misses the Net.
17:05 of 3rd period - Wrist shot by Rostislav Olesz.
17:05 of 3rd period - Goal by Rostislav Olesz - Devils : 3 - Flyers : 3.
17:06 of 3rd period - Tyler Seguin wins face-off versus Marcus Kruger in neutral zone.
17:09 of 3rd period - Slapshot by Tobias Enstrom.
17:09 of 3rd period - Shot Misses the Net.
17:11 of 3rd period - Slapshot by Tobias Enstrom.
17:11 of 3rd period - Stopped by Steve Mason with a rebound.
17:13 of 3rd period - Slapshot by Tobias Enstrom.
17:13 of 3rd period - Shot Misses the Net.
17:15 of 3rd period - Wrist shot by Brady Skjei.
17:15 of 3rd period - Stopped by Steve Mason without a rebound.
17:16 of 3rd period - Tyler Seguin wins face-off versus Marcus Kruger in Flyers zone.
17:29 of 3rd period - Slapshot by Viktor Arvidsson.
17:29 of 3rd period - Shot Misses the Net.
17:43 of 3rd period - Wrist shot by Viktor Arvidsson.
17:43 of 3rd period - Deflect By Marcus Kruger.
17:43 of 3rd period - Stopped by Steve Mason with a rebound.
17:45 of 3rd period - Wrist shot by Johnny Gaudreau.
17:45 of 3rd period - Shot Misses the Net.
17:47 of 3rd period - Snap shot by Viktor Arvidsson.
17:47 of 3rd period - Shot Blocked by Oliver Ekman-Larsson.
17:49 of 3rd period - Slapshot by Tobias Enstrom.
17:49 of 3rd period - Shot Blocked by Marcus Kruger.
17:59 of 3rd period - Snap shot by Viktor Arvidsson.
17:59 of 3rd period - Stopped by Steve Mason without a rebound.
18:00 of 3rd period - Kevin Porter wins face-off versus Jeff Carter in Flyers zone.
18:23 of 3rd period - Minor Penalty to Kevin Porter for Interference.
18:24 of 3rd period - Drew Miller wins face-off versus Riley Sheahan in Devils zone.
Goals for this period are 2 for Devils vs 0 for Flyers.
Shots for this period are 10 for Devils vs 13 for Flyers.
Overtime #1
0:01 of 1st overtime period - Brenden Morrow wins face-off versus Jeff Carter in neutral zone.
0:23 of 1st overtime period - Penalty to Kevin Porter is over, Kevin Porter is back on ice.
0:44 of 1st overtime period - Wrist shot by Tyler Seguin.
0:44 of 1st overtime period - Goal by Tyler Seguin - Devils : 4 - Flyers : 3.
Goals for this period are 1 for Devils vs 0 for Flyers.
Shots for this period are 1 for Devils vs 0 for Flyers.
Back to the Top